 Dungeon Crawl Stone Soup version 0.23.2-1-ga50397a (webtiles) character file.

Game seed: 106671661606140130

91 Kairos the Ruffian (level 4, -5/38 (40) HPs)
             Began as a Ghoul Monk on Apr 24, 2019.
             Splashed by a jelly's acid (9 damage)
             ... on level 1 of the Dungeon.
             The game lasted 00:03:17 (1796 turns).

Kairos the Ruffian (Ghoul Monk)                     Turns: 1796, Time: 00:03:19

HP:   -5/38 (40)    AC:  1    Str: 15    XL:     4   Next: 57%
MP:   3/3           EV:  4    Int:  5    God:
Gold: 69            SH:  3    Dex: 11    Spells: 3/3 levels left

rFire    . . .     SeeInvis +     - Unarmed
rCold    + . .     Gourm    .   o - +0 buckler
rNeg     + + +     Faith    .   j - +0 plate armour
rPois    ∞         Spirit   .   p - +1 hat
rElec    .         Reflect  .   d - +1 cloak
rCorr    .         Harm     .   (no gloves)
MR       .....                  (no boots)
Stlth    ..........             (no amulet)
HPRegen  0.00/turn              c - ring of see invisible
MPRegen  0.08/turn              (no ring)

@: corroded, rotting
A: rotting body, claws 1, carnivore, cold resistance 1, negative energy
resistance 3, inhibited regeneration, torment resistance, unbreathing
a: no special abilities


You were on level 1 of the Dungeon.
You were not hungry.

You visited 1 branch of the dungeon, and saw 2 of its levels.

You collected 69 gold pieces.

Inventory:

Hand Weapons
 g - a +1 whip of flaming
Armour
 a - a +0 robe
 d - a +1 cloak (worn)
 j - a +0 plate armour (worn)
 n - a +0 leather armour
 o - a +0 buckler (worn)
 p - a +1 hat (worn)
Jewellery
 c - a ring of see invisible (left claw)
Scrolls
 e - 2 scrolls of magic mapping
 f - 3 scrolls of remove curse
 h - a scroll of fear {unknown}
 i - 3 scrolls of identify {unknown}
 k - a scroll of enchant armour
 m - 2 scrolls of teleportation {unknown}
 r - a scroll of noise {unknown}
Potions
 l - a potion of cancellation {unknown}
 q - a potion of heal wounds {unknown}
Comestibles
 b - 7 rations


   Skills:
 + Level 3.7 Fighting
 + Level 0.3 Armour
 + Level 3.2 Dodging
 + Level 3.2 Stealth
 + Level 0.1 Shields
 + Level 4.3 Unarmed Combat


You had 3 spell levels left.
You didn't know any spells.
Your spell library was empty.

Dungeon Overview and Level Annotations

Branches:
Dungeon (2/15)

Altars:


Innate Abilities, Weirdness & Mutations

Your body is rotting away.
You thrive on raw meat.
You are immune to poison.
You have sharp fingernails.
You are carnivorous and can eat meat at any time.
Your flesh is cold resistant. (rC+)
You are immune to negative energy. (rN+++)
You do not regenerate when monsters are visible.
You are immune to unholy pain and torment.
You can survive without breathing.


Message History

You are too injured to fight recklessly!
You are too injured to fight recklessly!
You are too injured to fight recklessly!
You are too injured to fight recklessly!
You are too injured to fight recklessly!
You are too injured to fight recklessly!
You are too injured to fight recklessly!
You are too injured to fight recklessly!
You are too injured to fight recklessly!
You scratch the jelly but do no damage.
Your claws burn!
* * * LOW HITPOINT WARNING * * *
The jelly is heavily wounded.
The jelly hits you but does no damage.
You scratch the jelly but do no damage. The acid corrodes you!
Your claws burn!
* * * LOW HITPOINT WARNING * * *
The jelly is heavily wounded.
The jelly hits you.
* * * LOW HITPOINT WARNING * * *
The acid corrodes you!
You are splashed with acid!
You die...

#.#.# #.##.#......J..)...#.
#.#.## #.##.#...J..sJJ...?#.
#....#######.##.#JJJ.hJ.J.....#.
#..#.#....^..##.#######s#######.
#....#...†.)###.#....s........#.
#.#########.# #rs⌠s.s.###....⌠+.
#.# #.# #s#......<......#. #.#
#.# #J#..⌠...>...⌠..#. ##.# #.#
#@###+#######+###. ...## #.#
#.................
#...########.###..>#............#
#......................##########
#...########.#.(###.##.# #####
#.#..# #.##.# # #.#..###.##.# #
#.#(.....##.# # # #.#.#######.# #


You could see a jelly, 2 giant cockroaches and a rat.

Vanquished Creatures
  2 adders (D:2)
  2 oozes
  3 dart slugs
  2 leopard geckos (D:1)
  7 giant cockroaches
  6 goblins
  5 hobgoblins
  A jackal (D:1)
  4 kobolds
  A quokka (D:2)
  9 bats
  6 frilled lizards
  6 rats
54 creatures vanquished.

Notes
Turn   | Place    | Note
-------+----------+-------------------------------------------
     0 | D:1      | Kairos the Ghoul Monk began the quest for the Orb.
     0 | D:1      | Reached XP level 1. HP: 19/19 MP: 0/0
     0 | D:1      | Noticed a jelly
     1 | D:1      | Found a runed translucent door.
   531 | D:1      | Reached XP level 2. HP: 26/26 MP: 1/1
   890 | D:2      | Reached XP level 3. HP: 31/31 MP: 2/2
   946 | D:2      | Found a faded altar of an unknown god.
  1051 | D:2      | Reached skill level 4 in Unarmed Combat
  1118 | D:2      | Reached XP level 4. HP: 39/40 MP: 3/3
  1796 | D:1      | Splashed by a jelly's acid

Skill      XL: |  1  2  3 |
---------------+----------+-----
Dodging        | 3 |  3.2
Unarmed Combat | 4 |  4.3
Stealth        | 3 |  3.2
Fighting       | |  3.7
Armour         | |  0.3
Shields        | |  0.1

Action                   |  1- 3 |  4- 6 || total
-------------------------+-------+-------++-------
Melee: Unarmed           |    97 |    66 ||   163
  Use: Scroll            |     3 |       ||     3
 Stab: Sleeping          |     5 |       ||     5
  Eat: Chunk             |     8 |       ||     8
Armor: Robe              |    20 |       ||    20
       Leather armour    |    16 |       ||    16
       Plate armour      |       |    43 ||    43
Dodge: Dodged            |    62 |     8 ||    70
Block: Buckler           |     4 |     6 ||    10
